 Dungeon Crawl Stone Soup version 0.30-a0-553-g7fabdf1491 (webtiles) character file.

Game seed: 4763647923419860380

1285 Ge0ff the Digger (level 8, -5/50 HPs)
             Began as an Octopode Gladiator on Dec 26, 2022.
             Killed by nerve-wracking pain
             ... invoked by Menkaure
              (14 damage)
             ... on level 7 of the Dungeon.
             The game lasted 00:12:05 (5740 turns).

Ge0ff the Digger (Octopode Gladiator)               Turns: 5740, Time: 00:12:06

Health: -5/50      AC:  1    Str: 18    XL:     8   Next: 55%
Magic:  13/13      EV: 13    Int: 11    God:
Gold:   154        SH:  0    Dex: 12    Spells: 4/14 levels left

rFire   + + .      SeeInvis .    a - +2 short sword (speed)
rCold   . . .      Faith    .    (no shield)
rNeg    . . .      Spirit   .    Y - +0 hat
rPois   .          Reflect  .    (no amulet)
rElec   .          Harm     .    P - ring of protection from fire
rCorr   .          Rampage  .    (no ring)
Will    .....      Clarity  +    (no ring)
Stlth   ++++                     (no ring)
HPRegen 1.08/turn                (no ring)
MPRegen 0.13/turn                (no ring)
                                 (no ring)
                                 (no ring)

@: no status effects
A: almost no armour, amphibious, 8 rings, camouflage 1, gelatinous body 1,
(nimble swimmer 1), tentacles, tentacle spike 1, clarity, fire resistance 1,
regeneration 1, strong 1, evolution 1
a: no special abilities


You were on level 7 of the Dungeon.
You visited 1 branch of the dungeon, and saw 7 of its levels.

You collected 233 gold pieces.
You spent 79 gold pieces at shops.

Inventory:

Hand Weapons
 a - a +2 short sword of speed (weapon)
 b - a +0 sling
 R - a +0 rapier
Missiles
 g - 3 throwing nets {=F}
 j - 13 stones (quivered)
 s - 5 poisoned darts
 Q - 3 boomerangs
Armour
 Y - a +0 hat (worn)
Magical Staves
 h - a staff of earth
 Z - a staff of poison
Jewellery
 P - a ring of protection from fire (left tentacle)
Scrolls
 F - a scroll of butterflies
 T - 2 scrolls of teleportation
Potions
 q - a potion of curing
 u - 2 potions of mutation {!q}
 z - 2 potions of brilliance
 H - a potion of haste {!q}
 S - a potion of attraction {unknown}
 U - a potion of might {unknown}
 W - a potion of flight {unknown}


   Skills:
 - Level 2.0 Fighting
 - Level 4.0 Short Blades
 - Level 2.0 Throwing
 - Level 3.0 Dodging
 - Level 5.0 Stealth
 + Level 3.8 Spellcasting
 * Level 5.0 Transmutations
 * Level 5.6 Earth Magic


You had 4 spell levels left.
You knew the following spells:

 Your Spells              Type           Power      Damage    Failure   Level
b - Statue Form           Tmut/Erth      8%         N/A       99%         6
C - Petrify               Tmut/Erth      13%        N/A       26%         4

Your spell library contained the following spells:

 Spells                   Type           Power      Damage    Failure   Level
 Apportation              Tloc           4%         N/A       24%         1
 Necrotise                Necr           8%         1d4       24%         1
 Summon Small Mammal      Summ           8%         N/A       24%         1
 Dazzling Flash           Conj/Hex       4%         N/A       58%         3
 Agony                    Necr           2%         N/A       100%        5
 Metabolic Englaciation   Hex/Ice        1%         N/A       100%        5
 Silence                  Hex/Air        1%         N/A       100%        5


Dungeon Overview and Level Annotations

Branches:
Dungeon (8/15) Zot: 26930
 Temple: D:4-7         Lair: D:8-11

Altars:
Fedhas
Kikubaaqudgha
Nemelex Xobeh

Shops:
D:2 *

Annotations:
D:7 Menkaure


Innate Abilities, Weirdness & Mutations

You cannot wear most types of armour.
You are amphibious.
You can wear up to eight rings at the same time.
Your skin changes colour to match your surroundings (Stealth+).
Your rubbery body absorbs attacks. (AC +1, EV +1)
((You are camouflaged when in or above water. (Stealth+)))
You have tentacles for arms and can constrict up to eight enemies at once.
One of your tentacles bears a spike.
You possess an exceptional clarity of mind.
Your flesh is heat resistant. (rF+)
Your natural rate of healing is unusually fast.
Your muscles are strong. (Str +4, Int/Dex -1)
You have hidden genetic potential.


Message History

Okay, then.
Autopickup disabled for scrolls of amnesia.
You drop a scroll of amnesia.
A sky beast comes into view.
The sky beast flickers out of sight!
Deactivating autopickup; reactivate with Ctrl-A.
Things that are here:
a scroll of amnesia; 2 potions of degeneration You hear the slow hiss of an avalanche of sand very nearby.
A sky beast appears from thin air!
Reactivating autopickup.
You hit the sky beast.
Your tentacle spike misses the sky beast.
Your squeeze misses the sky beast.
The sky beast is lightly wounded.
You hit the sky beast.
Your tentacle spike misses the sky beast.
You squeeze the sky beast!
The sky beast is heavily wounded.
The sky beast barely misses you.
You hit the sky beast.
You pierce the sky beast.
You squeeze the sky beast.
The sky beast is severely wounded.
You hit the sky beast but do no damage.
You pierce the sky beast.
The sky beast is severely wounded.
The sky beast hits you. The sky beast shocks you.
You hit the sky beast.
You pierce the sky beast.
You kill the sky beast!
Menkaure and a bullfrog come into view.
The helpless bullfrog fails to defend itself.
You impale the bullfrog!! Your grab misses the bullfrog.
Your tentacle spike misses the bullfrog.
The bullfrog is almost dead.
The bullfrog hits you!
You barely miss the bullfrog. You grab the bullfrog.
The bullfrog is almost dead.
You constrict the bullfrog.
You kill the bullfrog!
Menkaure shouts!
Menkaure calls on the powers of darkness!
Your body is wracked with pain!
Your Transmutations skill increases to level 5!
Menkaure hits you!!
* * * LOW HITPOINT WARNING * * *
You hit Menkaure. Your grab misses Menkaure.
You pierce Menkaure, but do no damage.
Menkaure is lightly damaged.
You feel better.
Menkaure points at you and mumbles some strange words.
Pain shoots through your body!
You die...

##### ### #### #...
## ..
....####.###.# #.
#.#.#.......#
#.##.#.#.##.##.#
#.M#.#.#.##.##.#
#@#.#......##.#
#.###.#.###.#####.#
#...............?.#
#####.##.......####
#.##.......#
#.##.......#
#.##.......#
..##.......#
####.........


You could see Menkaure.

Vanquished Creatures
  A wyvern (D:8)
  A water moccasin (D:3)
  An ice beast (D:5)
  A sky beast (D:7)
  A black bear (D:4)
  2 bullfrogs
  A scorpion (D:4)
  2 necrophages
  An orc priest (D:4)
  2 jellies
  5 iguanas (D:4)
  2 orc wizards
  Robin (D:3)
  4 gnolls (D:3)
  3 adders
  3 worms
  15 orcs
  4 bats (D:1)
  7 endoplasms
  5 giant cockroaches (D:3)
  8 hobgoblins
  8 jackals
  4 quokkas
  8 ball pythons
  2 frilled lizards
  13 goblins
  3 kobolds
  4 rats
112 creatures vanquished.

Notes
Turn   | Place    | Note
-------+----------+-------------------------------------------
     0 | D:1      | Ge0ff the Octopode Gladiator began the quest for the Orb.
     0 | D:1      | Reached XP level 1. HP: 14/14 MP: 1/1
    88 | D:1      | Reached skill level 1 in Stealth
   164 | D:1      | Reached XP level 2. HP: 19/19 MP: 2/2
   853 | D:1      | Found a faded altar of an unknown god.
  1121 | D:2      | Reached XP level 3. HP: 24/24 MP: 3/3
  1358 | D:2      | Found Woqec's Assorted Antiques.
  1437 | D:2      | Bought 2 golden potions for 30 gold pieces
  1437 | D:2      | Bought an amethyst potion for 15 gold pieces
  1539 | D:2      | Reached XP level 4. HP: 20/29 MP: 4/4
  1822 | D:3      | Found an ancient bone altar of Kikubaaqudgha.
  1823 | D:3      | Found a blossoming altar of Fedhas.
  1824 | D:3      | Found a sparkling altar of Nemelex Xobeh.
  1826 | D:3      | Noticed a water moccasin
  1835 | D:3      | Killed a water moccasin
  1836 | D:3      | Reached skill level 5 in Stealth
  1836 | D:3      | Reached skill level 1 in Spellcasting
  1836 | D:3      | Reached skill level 1 in Earth Magic
  1836 | D:3      | Reached XP level 5. HP: 27/34 MP: 4/6
  2416 | D:3      | Reached XP level 6. HP: 20/39 MP: 7/9
  2423 | D:3      | Learned a level 6 spell: Statue Form
  2570 | D:3      | Noticed Robin
  2580 | D:3      | Killed Robin
  3063 | D:2      | Bought a scroll labelled WASHRY WEOGEK for 17 gold pieces
  3063 | D:2      | Bought a scroll labelled YSYZAE VIOGUIZ for 17 gold pieces
  3241 | D:4      | Reached skill level 1 in Transmutations
  3484 | D:4      | Noticed a black bear
  3497 | D:4      | Killed a black bear
  3498 | D:4      | Reached XP level 7. HP: 37/45 MP: 10/10
  3716 | D:4      | Gained mutation: You have hidden genetic defects. [potion
                  | of mutation]
  3716 | D:4      | Gained mutation: You have a pair of small antennae on your
                  | head. [potion of mutation]
  3716 | D:4      | Gained mutation: You are resistant to electric shocks.
                  | (rElec) [potion of mutation]
  3716 | D:4      | Gained mutation: You expend magic power (3 MP) to
                  | strengthen your wands. [potion of mutation]
  3757 | D:3      | Learned a level 4 spell: Petrify
  3919 | D:4      | Lost mutation: You are resistant to electric shocks.
                  | (rElec) [potion of mutation]
  3919 | D:4      | Lost mutation: You have a pair of small antennae on your
                  | head. [potion of mutation]
  3919 | D:4      | Lost mutation: You expend magic power (3 MP) to strengthen
                  | your wands. [potion of mutation]
  3919 | D:4      | Gained mutation: Your natural rate of healing is unusually
                  | fast. [potion of mutation]
  3919 | D:4      | Gained mutation: Your muscles are strong. (Str +4, Int/Dex
                  | -1) [potion of mutation]
  3919 | D:4      | Gained mutation: Your mind is acute. (Int +4, Str/Dex -1)
                  | [potion of mutation]
  3919 | D:4      | Gained mutation: Your flesh is heat resistant. (rF+)
                  | [potion of mutation]
  3920 | D:4      | Lost mutation: You have hidden genetic defects. [potion of
                  | mutation]
  3920 | D:4      | Lost mutation: Your mind is acute. (Int +4, Str/Dex -1)
                  | [potion of mutation]
  3920 | D:4      | Gained mutation: You have hidden genetic potential. [potion
                  | of mutation]
  3920 | D:4      | Gained mutation: You possess an exceptional clarity of
                  | mind. [potion of mutation]
  5413 | D:5      | Entered Level 5 of the Dungeon
  5525 | D:5      | Reached XP level 8. HP: 36/50 MP: 12/12
  5526 | D:5      | You fall into a shaft and drop 3 floors!
  5573 | D:8      | Noticed a wyvern
  5582 | D:8      | Killed a wyvern
  5583 | D:8      | Reached skill level 5 in Earth Magic
  5613 | D:8      | Gained mutation: One of your tentacles bears a spike.
                  | [hidden potential]
  5734 | D:7      | Noticed Menkaure
  5738 | D:7      | Reached skill level 5 in Transmutations
  5738 | D:7      | HP: 1/50 [Menkaure (23)]
  5740 | D:7      | Killed from afar by Menkaure

Illustrated notes

Levels and vault maps discovered:
D:1:      arrival_zaba_pyramid, layout_loops_corners,
          hellmonk_ecumenical_altar_heavens_door
D:2:      layout_basic, serial_shops,
          nicolae_shop_temple_entry_statues_fountains, minmay_misc_feat_ornament
D:3:      layout_loops_ring, chequers_temple_overflow_statue_of_worship,
          kennysheep_generic_room_8, uniq_robin
D:4:      layout_layer_cave, minmay_cut_off
D:5:      layout_basic
D:7:      layout_loops_cross, nicolae_ru_the_path_less_chosen,
          minmay_temple_entry_gardened_gates, gammafunk_ghost_split,
          nicolae_ossuary_entry_catacombs, serial_aquarium,
          aquarium_bridge_square [aquarium_subvault_bridge,
          aquarium_subvault_balcony, aquarium_subvault_bridge,
          aquarium_subvault_bridge], aquarium_window_1, aquarium_window_1,
          aquarium_view_2c, serial_shops, nicolae_square_shop, uniq_menkaure
D:8:      layout_rooms, nzn_random_ring, uniq_psyche

Skill      XL: |  1  2  3  4  5  6  7  8 |
---------------+-------------------------+-----
Stealth        | 2 3 5 |  5.0
Short Blades   | 4 |  4.0
Spellcasting   | 1 2 3 |  3.8
Earth Magic    | 1 2 3 4 5 |  5.6
Transmutations | 2 3 5 |  5.0
Fighting       | |  2.0
Throwing       | |  2.0
Dodging        | |  3.0

Action                   |  1- 3 |  4- 6 |  7- 9 || total
-------------------------+-------+-------+-------++-------
Melee: Rapier            |    50 |   100 |    53 ||   203
       Constrict         |    13 |    34 |    18 ||    65
       Tentacles         |     9 |    34 |    19 ||    62
       Punch             |       |     3 |     1 ||     4
       Short sword       |       |       |    53 ||    53
       Kick              |       |       |     4 ||     4
 Fire: Sling             |    55 |       |       ||    55
Throw: Stone             |       |    14 |     8 ||    22
       Javelin           |       |     1 |       ||     1
       Dart              |       |     6 |     1 ||     7
       Throwing net      |       |     2 |       ||     2
  Use: Potion            |       |     3 |     6 ||     9
       Scroll            |       |       |     8 ||     8
 Stab: Sleeping          |     3 |     3 |     9 ||    15
       Held in net/web   |       |     1 |       ||     1
Armor: Skin              |     2 |     3 |     5 ||    10
Dodge: Dodged            |    33 |    41 |    41 ||   115

Table legend: (Time is in decaauts)
 A = Elapsed time spent in this place.
 B = Non-inter-level travel time spent in this place.
 C = Inter-level travel time spent in this place.
 D = Time resting spent in this place.
 E = Time spent auto-exploring this place.
 F = Levels seen in this place.
 G = Mean time per level.
                   A        B        C        D        E       F      G
               +--------+--------+--------+--------+--------+-----+--------+
         Total |   5742 |   5513 |    229 |    155 |   4342 |   7 |  820.3 |
       Dungeon |   5742 |   5513 |    229 |    155 |   4342 |   7 |  820.3 |
               +--------+--------+--------+--------+--------+-----+--------+

Top non-repeatable levels by time:
     D:4: 2175 daAuts
     D:3: 1422 daAuts
     D:1: 1064 daAuts
     D:2: 779 daAuts
     D:8: 133 daAuts
     D:5: 99 daAuts
     D:7: 68 daAuts
